 Dungeon Crawl Stone Soup version 0.32-a0-38-gb04dd89b9b (webtiles) character file.

Game seed: 4143060037696131425

51 cforsyth the Magician (level 4, 0/33 HPs)
             Began as a Djinni Enchanter on Jan 23, 2024.
             Slain by a rat (1 damage)
             ... on level 2 of the Dungeon.
             The game lasted 00:02:47 (1549 turns).

cforsyth the Magician (Djinni Enchanter)            Turns: 1549, Time: 00:02:48

Health: 0/33       AC:  3    Str:  7    XL:     4   Next: 7%
Gold:   58         EV: 12    Int: 18    God:
                   SH:  0    Dex: 14

rFire   + + .        a - +1 dagger
rCold   x . .        (no shield)
rNeg    . . .        b - +0 robe
rPois   ∞            i - +0 helmet
rElec   .            (no cloak)
rCorr   .            (no gloves)
SInv    .            (boots unavailable)
Will    .....        (no amulet)
Stlth   ++           (no ring)
HPRegen 0.25/turn    (no ring)
MPRegen 0.00/turn

%: infuse magic (-1 HP)
@: flying, invisible
A: sickness immunity, fire resistance 2, cold vulnerability 1, float, innate
caster, HP casting, extra vitality 1
a: no special abilities


You were on level 2 of the Dungeon.
You visited 1 branch of the dungeon, and saw 3 of its levels.

You collected 58 gold pieces.

Inventory:

Hand Weapons
 a - a +1 dagger (weapon)
Armour
 b - a +0 robe (worn)
 i - a +0 helmet (worn)
Jewellery
 j - a ring of willpower
Scrolls
 d - a scroll of fog
 f - a scroll of teleportation {unknown}
Potions
 c - a potion of invisibility
 g - a potion of cancellation


   Skills:
 + Level 2.2 Fighting
 - Level 0.8 Short Blades
 - Level 2.1 Dodging
 - Level 2.4 Stealth
 + Level 3.5 Spellcasting
 + Level 3.5 Conjurations
 + Level 3.5 Hexes
 + Level 3.5 Summonings
 + Level 3.5 Necromancy
 + Level 3.5 Translocations
 + Level 3.5 Fire Magic
 + Level 3.5 Ice Magic
 + Level 3.5 Air Magic
 + Level 3.5 Earth Magic
 + Level 3.5 Alchemy


You knew the following spells:

 Your Spells              Type           Power      Damage    Failure   Level
a - Ensorcelled Hibernat  Hex/Ice        30%        N/A       5%          2
b - Confusing Touch       Hex            15%        N/A       11%         3
c - Tukima's Dance        Hex            15%        N/A       11%         3
d - Dazzling Flash        Conj/Hex       30%        N/A       11%         3
e - Kiss of Death         Conj/Necr      60%        2d10      3%          1
Your spell library was empty.

Dungeon Overview and Level Annotations

Branches:
Dungeon (3/15)

Altars:


Innate Abilities, Weirdness & Mutations

You are immune to sickness and miasma.
You are immune to poison.
Your flesh is very heat resistant. (rF++)
You are vulnerable to cold. (rC-)
You float through the air rather than walking.
You learn spells naturally, not from books.
Your magical power is your life essence.
You have superior vitality. (+4 MHP)


Message History

Aiming: Ensorcelled Hibernation (safe; 5% risk of failure)
Press: ? - help, Shift-Dir - straight line, f - orc priest
Aim: an orc priest, wielding a +1 short sword of speed (severely wounded, chance to affect: 49%)
The orc priest resists with some effort.
The orc priest mumbles some strange prayers to Beogh against you.
Beogh smites you!
* * * LOW HITPOINT WARNING * * *
The rat bites you.
* * * LOW HITPOINT WARNING * * *
It was a potion of cancellation.
You feel magically purged. The orc priest closely misses you.
The rat bites you but does no damage.
It was a potion of curing.
You feel better.
The orc priest hits you with a +1 short sword of speed.
The rat bites you but does no damage.
The orc priest hits you with a +1 short sword of speed.
Casting: Ensorcelled Hibernation (safe; 5% risk of failure)
Confirm with . or Enter, or press ? or * to list all spells.
Aiming: Ensorcelled Hibernation (safe; 5% risk of failure)
Press: ? - help, Shift-Dir - straight line, f/p - orc priest
Aim: an orc priest, wielding a +1 short sword of speed (severely wounded, chance to affect: 49%)
The orc priest resists with some effort.
* * * LOW HITPOINT WARNING * * *
The orc priest hits you with a +1 short sword of speed.
* * * LOW HITPOINT WARNING * * *
The rat misses you. The kobold hits you but does no damage.
The rat attacks as it pursues you! The rat bites you.
* * * LOW HITPOINT WARNING * * *
Casting: Ensorcelled Hibernation (safe; 5% risk of failure)
Confirm with . or Enter, or press ? or * to list all spells.
You don't have enough health to cast this spell.
Unknown command.
You fade into invisibility!
The orc priest hits you with a +1 short sword of speed.
* * * LOW HITPOINT WARNING * * *
The rat closely misses you. The orc priest closely misses you.
As you read the scroll labelled CUMECI EGUZIWU, it crumbles to dust.
It is a scroll of identify.
d - a scroll of fog The rat bites you.
You die...

...... ............#.
.........##.....#.#.#...
#...........#..........
.#......##.......#.....#
...........#...........#
#.........#..........#
#.......#........)..##
##.....r.#....$.......###
......Ko@..........).....
#####..##########........
#...####..........##..
#...............#.##..>
.....#.# #.......#)†....
#..####.# #.........###..
...####.###.......#.>.##
#...............).#)#..#
#.#####.###..............


You could see an orc priest (unable to see you), a kobold (unable to see you)
and a rat (unable to see you).

Vanquished Creatures
  A dart slug (D:1)
  4 orcs
  8 ball pythons
  3 bats (D:1)
  2 endoplasms (D:1)
  2 giant cockroaches
  A hobgoblin (D:1)
  4 jackals
  4 kobolds
  A quokka (D:1)
  A frilled lizard (D:1)
  7 goblins
  3 rats (D:1)
41 creatures vanquished.

Notes
Turn   | Place    | Note
-------+----------+-------------------------------------------
     0 | D:1      | cforsyth the Djinni Enchanter began the quest for the Orb.
     0 | D:1      | cforsyth set off with the following spells memorised:
                  | Ensorcelled Hibernation, Confusing Touch, Tukima's Dance,
                  | Dazzling Flash.
     0 | D:1      | Reached XP level 1. HP: 15/15 MP: 0/0
   279 | D:1      | Reached XP level 2. HP: 22/22 MP: 0/0
   320 | D:1      | Reached skill level 1 in Fighting
   621 | D:1      | Reached XP level 3. HP: 25/27 MP: 0/0
   621 | D:1      | Learned a level 1 spell: Kiss of Death
  1437 | D:2      | Reached XP level 4. HP: 30/33 MP: 0/0
  1548 | D:2      | HP: 1/33 [orc priest/+1 short sword of speed (1)]
  1549 | D:2      | Slain by a rat

Illustrated notes

Levels and vault maps discovered:
D:1:      dpeg_arrival_snail, layout_loops_corners, minmay_misc_feat_pillars,
          minivault_26
D:2:      layout_rooms, hellmonk_ecumenical_altar_heavens_door,
          hangedman_decor_lopped
D:3:      minmay_recursive_quarters, layout_basic, uniq_grinder

Skill      XL: |  1  2  3 |
---------------+----------+-----
Spellcasting   | 3 |  3.5
Conjurations   | 3 |  3.5
Hexes          | 3 |  3.5
Summonings     | 3 |  3.5
Necromancy     | 3 |  3.5
Translocations | 3 |  3.5
Fire Magic     | 3 |  3.5
Ice Magic      | 3 |  3.5
Air Magic      | 3 |  3.5
Earth Magic    | 3 |  3.5
Alchemy        | 3 |  3.5
Fighting       | 1 2 |  2.2
Short Blades   | |  0.8
Dodging        | |  2.1
Stealth        | |  2.4

Action                     |  1- 3 |  4- 6 || total
---------------------------+-------+-------++-------
  Melee: Dagger            |   113 |    19 ||   132
         Punch             |       |     1 ||     1
   Cast: Ensorcelled Hiber |     7 |     6 ||    13
    Use: Potion            |       |     3 ||     3
         Scroll            |       |     1 ||     1
   Stab: Sleeping          |    11 |     2 ||    13
         Distracted        |     1 |       ||     1
 Armour: Robe              |    49 |    23 ||    72
  Dodge: Dodged            |    78 |    19 ||    97

Table legend: (Time is in decaauts)
 A = Elapsed time spent in this place.
 B = Non-inter-level travel time spent in this place.
 C = Inter-level travel time spent in this place.
 D = Time resting spent in this place.
 E = Time spent auto-exploring this place.
 F = Levels seen in this place.
 G = Mean time per level.
                   A        B        C        D        E       F      G
               +--------+--------+--------+--------+--------+-----+--------+
         Total |   1546 |   1516 |     30 |    241 |    916 |   3 |  515.3 |
       Dungeon |   1546 |   1516 |     30 |    241 |    916 |   3 |  515.3 |
               +--------+--------+--------+--------+--------+-----+--------+

Top non-repeatable levels by time:
     D:1: 1082 daAuts
     D:3: 293 daAuts
     D:2: 170 daAuts
